 Dungeon Crawl Stone Soup version 0.19-a0-1686-g35356ef (webtiles) character file.

541 st0uf the Skirmisher (level 7, 56/56 HPs)
             Began as a Demonspawn Fighter on Sept 25, 2016.
             Was an Initiate of Qazlal.
             Quit the game on level 5 of the Dungeon.
             The game lasted 00:12:56 (4628 turns).

st0uf the Skirmisher (Demonspawn Fighter)           Turns: 4628, Time: 00:12:57

Health: 56/56      AC: 10    Str: 18    XL:     7   Next: 5%
Magic:  8/8        EV: 10    Int:  9    God:    Qazlal [......]
Gold:   298        SH:  0    Dex: 13    Spells: 0 memorised, 6 levels left

rFire  . . .     SeeInvis .     a - +0 war axe
rCold  . . .     Gourm    .     b - +0 scale mail
rNeg   . . .     Faith    .     (no shield)
rPois  .         Spirit   .     (no helmet)
rElec  .         Dismiss  .     (no cloak)
rCorr  .         Reflect  .     (no gloves)
MR     .....     Harm     .     (no boots)
Stlth  +.........               (no amulet)
                                (no ring)
                                (no ring)

@: no status effects
A: claws 1, iridescent scales 1, demonic guardian 1, nightstalker 1
a: Renounce Religion


You were on level 5 of the Dungeon.
You worshipped Qazlal.
Qazlal was noncommittal.
You were not hungry.

You visited 1 branch of the dungeon, and saw 5 of its levels.

You collected 298 gold pieces.

Inventory:

Hand Weapons
 a - a +0 war axe (weapon)
 D - the +5 spear of Bloodstone {freeze, Int+4}
   (You found it on level 5 of the Dungeon)

   It has been specially enchanted to freeze those struck by it, causing extra
   injury to most foes and up to half again as much damage against particularly
   susceptible opponents.
   It can also slow down cold-blooded creatures.
   It affects your intelligence (+4).
Missiles
 p - a throwing net (quivered)
Armour
 b - a +0 scale mail (worn)
Wands
 m - a wand of random effects (8/48)
 y - a wand of flame (31/48)
Scrolls
 e - 3 scrolls of immolation {unknown}
 g - 2 scrolls of amnesia {unknown}
 i - a scroll of blinking {unknown}
 j - a scroll of magic mapping {unknown}
 k - 2 scrolls of teleportation {unknown}
 l - a scroll of fear {unknown}
 q - 3 scrolls of random uselessness {unknown}
 u - 5 scrolls of identify
 C - 2 scrolls of remove curse {unknown}
Potions
 c - a potion of cancellation {unknown}
 d - 2 potions of might
 h - 2 potions of haste {unknown}
 n - 2 potions of heal wounds {unknown}
 o - a potion of ambrosia {unknown}
 r - 2 potions of curing {unknown}
 s - 3 potions of invisibility {unknown}
 t - a potion of agility {unknown}
Books
 B - a book of Maledictions

   Spells                             Type                      Level
   a - Corona                         Hexes                        1
   b - Ensorcelled Hibernation        Hexes/Ice                    2
   c - Confuse                        Hexes                        3
   d - Tukima's Dance                 Hexes                        3
   e - Dazzling Spray                 Conjuration/Hexes            3
 E - a book of Summonings

   Spells                             Type                      Level
   a - Recall                         Summoning/Translocation      3
   b - Aura of Abjuration             Summoning                    5
   c - Summon Demon                   Summoning                    5
   d - Summon Forest                  Summoning/Translocation      5
   e - Summon Mana Viper              Hexes/Summoning              5
   f - Shadow Creatures               Summoning                    6
Comestibles
 f - 5 bread rations
 v - a slice of pizza
 w - 2 meat rations
 x - a chunk of flesh
 z - a beef jerky
 A - 18 fruits


   Skills:
 * Level 5.1 Fighting
 * Level 4.1 Axes
 + Level 3.8 Armour
 + Level 2.4 Dodging
   Level 2.6 Shields
 + Level 1.6 Invocations


You had 6 spell levels left.
You didn't know any spells.

Dungeon Overview and Level Annotations

Branches:
Dungeon (5/15)
 Temple: D:4-7

Altars:
Dithmenos
Hepliaklqana
Qazlal
Vehumet
Xom

Annotations:
D:2 1 runed door
D:3 ThereIsNoGod's ghost, amateur MiGl


Innate Abilities, Weirdness & Mutations

You have sharp fingernails.
You are partially covered in iridescent scales. (AC +2)
A weak demonic guardian rushes to your aid.
You are slightly more attuned to the shadows.


Message History

The crimson imp shouts!
The crimson imp closely misses your quasit.
Your quasit misses the crimson imp.
Your quasit claws the crimson imp.
Your quasit claws the crimson imp but does no damage.
You swap places.
The crimson imp closely misses you.
You slash the crimson imp!
The crimson imp is severely wounded.
The crimson imp barely misses you. The crimson imp closely misses you.
Some of the chunks of flesh in your inventory have rotted away.
You slash the crimson imp!
You kill the crimson imp!
Qazlal accepts your kill.
You have reached level 7!
Your demonic ancestry asserts itself...
Your fingernails lengthen.
Your quasit disappears in a puff of smoke!
An orc, an orc wizard and a wight come into view.
Quiver which item? (- for none, * to show all) (? for menu, Esc to quit)
Okay, then.
Are you sure you want to abandon this character and quit the game? (Confirm with "yes".)

#####.[..........
................. ...
................ .o..
..##.###†.....#. o.z.
#.##..........#. .....
#.######.#..###.
....###.####...#...##.
#..........#####.##.
###@######...#...##.
#.# ###.#..###. #.#
#....###. ..#
##.#..... ### #.##.###
#.##.# #.##.###
#.##.... #.....##


You could see a wight, an orc wizard (sleeping) and an orc.

Vanquished Creatures
  A sky beast (D:5)
  A crimson imp (D:5)
  2 hounds (D:4)
  An orc priest (D:3)
  Jessica (D:2)
  An iguana (D:5)
  An orc wizard (D:3)
  2 worker ants (D:4)
  4 gnolls (D:5)
  8 adders
  5 worms
  3 dart slugs
  6 leopard geckos
  9 orcs (D:3)
  2 ball pythons
  2 giant cockroaches
  5 goblins
  7 hobgoblins
  8 jackals (D:2)
  9 bats
  4 frilled lizards
  2 kobolds (D:1)
  A leopard gecko skeleton (D:5)
  9 rats
94 creatures vanquished.

Vanquished Creatures (collateral kills)
  2 orcs (D:3)
  A hobgoblin (D:2)
3 creatures vanquished.

Grand Total: 97 creatures vanquished

Notes
Turn   | Place    | Note
-------+----------+-------------------------------------------
     0 | D:1      | st0uf the Demonspawn Fighter began the quest for the Orb.
     0 | D:1      | Reached XP level 1. HP: 18/18 MP: 1/1
   189 | D:1      | Gained mutation: A weak demonic guardian rushes to your aid. [demonic ancestry]
   189 | D:1      | Reached XP level 2. HP: 23/24 MP: 2/2
   866 | D:2      | Noticed Jessica
   870 | D:2      | Killed Jessica
   870 | D:2      | Reached skill level 1 in Dodging
   870 | D:2      | Gained mutation: You are partially covered in iridescent scales. (AC +2) [demonic ancestry]
   870 | D:2      | Reached XP level 3. HP: 11/29 MP: 3/3
  1662 | D:2      | Reached XP level 4. HP: 29/37 MP: 4/4
  1741 | D:2      | Found a runed door.
  2147 | D:3      | Noticed ThereIsNoGod's ghost (amateur MiGl)
  2428 | D:3      | Reached skill level 4 in Fighting
  2428 | D:3      | Reached XP level 5. HP: 13/42 MP: 5/5
  2553 | D:3      | Found a shimmering altar of Xom.
  3796 | D:4      | Gained mutation: You are slightly more attuned to the shadows. [demonic ancestry]
  3796 | D:4      | Reached XP level 6. HP: 39/49 MP: 6/6
  3812 | D:4      | Found a radiant altar of Vehumet.
  3967 | D:4      | Found a stormy altar of Qazlal.
  3970 | D:4      | Became a worshipper of Qazlal Stormbringer
  4196 | D:4      | Found a hazy altar of Hepliaklqana.
  4272 | D:5      | Entered Level 5 of the Dungeon
  4362 | D:5      | Found a shadowy altar of Dithmenos.
  4383 | D:5      | Reached skill level 1 in Invocations
  4414 | D:5      | Got a blackened spear
  4415 | D:5      | Identified the +5 spear of Bloodstone {freeze, Int+4} (You found it on level 5 of the Dungeon)
  4417 | D:5      | Noticed a sky beast
  4429 | D:5      | Killed a sky beast
  4429 | D:5      | Reached skill level 5 in Fighting
  4604 | D:5      | Gained mutation: You have sharp fingernails. [demonic ancestry]
  4604 | D:5      | Reached XP level 7. HP: 56/56 MP: 8/8
  4628 | D:5      | Quit the game

Vault maps used:
D:1:      dpeg_arrival_short_road, roderic_lattice_a, st_stairs_5
D:2:      hangedman_decor_diamond_cutter, roderic_roman_lattice,
          minmay_heptomino_d4, uniq_crazy_yiuf_cottage, uniq_jessica
D:3:      lemuel_round_altar, minmay_misc_feat_diagonals
D:4:      kennysheep_mini, lemuel_doored_altar, first_bread, dk_vineyard_1,
          vehumet_altar_wand_db
D:5:      kennysheep_mini_moat, nrook_uturn

Skill      XL: |  1  2  3  4  5  6 |
---------------+-------------------+-----
Axes           | 2 3 4 |  4.1
Armour         | 3 |  3.8
Dodging        | 1 2 |  2.4
Fighting       | 4 5 |  5.1
Invocations    | 1 |  1.6
Shields        | |  2.6

Action                   |  1- 3 |  4- 6 |  7- 9 || total
-------------------------+-------+-------+-------++-------
Melee: War axe           |   112 |   241 |       ||   353
  Use: Scroll            |       |     1 |       ||     1
  Eat: Chunk             |     2 |    10 |       ||    12
Armor: Scale mail        |    62 |   145 |       ||   207
Dodge: Dodged            |    68 |   164 |       ||   232
